 Dungeon Crawl Stone Soup version 0.31-a0-799-g6bc09d010c (webtiles) character file.

Game seed: 8382971051741073631

2 Bravepunisher the Ducker (level 1, -5/11 HPs)
             Began as a Spriggan Monk on Sept 19, 2023.
             Slain by a scorpion (7 damage)
             ... on level 5 of the Dungeon.
             The game lasted 00:02:56 (541 turns).

Bravepunisher the Ducker (Spriggan Monk)             Turns: 541, Time: 00:02:57

Health: -5/11      AC:  2    Str:  7    XL:     1   Next: 25%
Magic:  2/2        EV: 18    Int: 11    God:
Gold:   34         SH:  0    Dex: 17    Spells: 0/0 levels left

rFire   . . .        a - +0 short sword (heavy)
rCold   . . .        d - orb {light}
rNeg    . . .        b - +0 robe
rPois   .            (helmet restricted)
rElec   .            (no cloak)
rCorr   .            (gloves unavailable)
SInv    +            (boots unavailable)
Will    .....        (no amulet)
Stlth   +            (no ring)
HPRegen 0.21/turn    (no ring)
MPRegen 0.08/turn

%: no passive effects
@: glowing, very quick
A: very small, no large weapons, unfitting armour, see invisible, speed 3
a: no special abilities


You were on level 5 of the Dungeon.
You visited 1 branch of the dungeon, and saw 5 of its levels.

You collected 34 gold pieces.

Inventory:

Hand Weapons
 a - a +0 heavy short sword (weapon)
Armour
 b - a +0 robe (worn)
 d - an orb of light (worn)
Jewellery
 j - a ring of willpower


   Skills:
 * Level 2.5 Fighting
 - Level 3.2 Short Blades
 + Level 4.0 Dodging


You couldn't memorise any spells.
You didn't know any spells.
Your spell library was empty.

Dungeon Overview and Level Annotations

Branches:
Dungeon (5/15)             Temple (0/1) D:5

Altars:
Qazlal

Shops:
D:4 [   D:5 *


Innate Abilities, Weirdness & Mutations

You are very small and have problems with some larger weapons.
You are too small for most types of armour.
You have supernaturally acute eyesight. (SInv)
You cover ground extremely quickly. (Speed+++)


Message History

The scorpion stings you but does no damage. x2
You attack the rock wall.
You feel less invigorated.
You feel less confused.
The scorpion stings you but does no damage.
The shadow imp lashes its tail.
You hit the scorpion.
The scorpion is heavily wounded.
The scorpion stings you but does no damage. x2
You completely miss the scorpion.
The scorpion is moderately wounded.
The scorpion stings you but does no damage.
You puncture the scorpion!
The scorpion is severely wounded.
The scorpion stings you but does no damage.
The scorpion barely misses you.
You hit the scorpion.
The scorpion is almost dead.
The scorpion stings you but does no damage.
You hit the scorpion but do no damage.
The scorpion is almost dead.
The scorpion stings you but does no damage. x2
You hit the scorpion but do no damage.
The scorpion is almost dead.
You feel less wooden.
Your +0 robe unmelds from your body.
The scorpion stings you!
Ouch! That really hurt!
You hit the scorpion but do no damage.
The scorpion is almost dead.
The scorpion stings you.
* * * LOW HITPOINT WARNING * * *
The scorpion misses you.
Sorry, you're not good enough to have a special ability.
You aren't carrying any potions.
You aren't carrying any potions.
You aren't carrying any scrolls.
You hit the scorpion but do no damage.
The scorpion is almost dead.
The scorpion stings you!
Ouch! That really hurt!
You die...

#......#
##.#......
##......#
#5..#####
#...#####
###...#
#.###
#.s.#......
###s#
#.######..#
###...#
##.# ..
##...#.#
#####5o# .
##..#####
#.s5lo##
#..##
#@#####
..## #§#
.###..♣.
###
.##..♣...
##..♣.♣.♣
#..♣...♣
..♣.♣.♣
.♣...♣
..♣.♣


You could see a scorpion, an iguana, 2 shadow imps and 2 orcs.

Vanquished Creatures
  An endoplasm (D:4)
  A kobold (D:1)
2 creatures vanquished.

Notes
Turn   | Place    | Note
-------+----------+-------------------------------------------
     0 | D:1      | Bravepunisher the Spriggan Monk began the quest for the
                  | Orb.
     0 | D:1      | Reached XP level 1. HP: 11/11 MP: 2/2
    84 | D:1      | You fall into a shaft and drop 1 floor!
   182 | D:4      | Noticed a scorpion
   297 | D:5      | Entered Level 5 of the Dungeon
   300 | D:5      | Noticed a scorpion
   341 | D:4      | Noticed an ogre
   384 | D:4      | Found Ifel's Antique Armour Shoppe.
   395 | D:4      | Found a stormy altar of Qazlal.
   396 | D:4      | Noticed a hound
   470 | D:5      | Found Tuallua's General Store.
   489 | D:5      | Noticed an iguana
   501 | D:5      | Found a staircase to the Ecumenical Temple.
   541 | D:5      | Slain by a scorpion

Illustrated notes

Levels and vault maps discovered:
D:1:      lemuel_arrival_muddy, layout_basic, shapermc_ecumenical_altar_pompeii,
          roderic_serpentine_path
D:2:      layout_basic, basic_altar, minmay_increasing_density
D:3:      layout_basic, st_stairs_5
D:4:      kb_forest_paths, layout_loops_corners,
          mainiacjoe_overflow_cross_hatched, serial_shops,
          nicolae_shop_getting_attention, uniq_robin, uniq_blork_the_orc
D:5:      layout_rooms, minmay_temple_entry_drinking_statues,
          nicolae_ossuary_entry_giza, serial_shops, shop,
          kennysheep_cluttered_room

Action                     || total
---------------------------++-------
  Melee: Short sword       ||    20
    Use: Scroll            ||     5
         Potion            ||     2
 Armour: Skin              ||    20
         Robe              ||     8
  Dodge: Dodged            ||    15

Table legend: (Time is in decaauts)
 A = Elapsed time spent in this place.
 B = Non-inter-level travel time spent in this place.
 C = Inter-level travel time spent in this place.
 D = Time resting spent in this place.
 E = Time spent auto-exploring this place.
 F = Levels seen in this place.
 G = Mean time per level.
                   A        B        C        D        E       F      G
               +--------+--------+--------+--------+--------+-----+--------+
         Total |    355 |    355 |      0 |      0 |    113 |   5 |   71.0 |
       Dungeon |    355 |    355 |      0 |      0 |    113 |   5 |   71.0 |
               +--------+--------+--------+--------+--------+-----+--------+

Top non-repeatable levels by time:
     D:4: 184 daAuts
     D:5: 106 daAuts
     D:1: 51 daAuts
     D:2: 6 daAuts
     D:3: 6 daAuts
